 Dungeon Crawl Stone Soup version 0.19.0-22-gd96e5fe (webtiles) character file.

44462 Yakui the Cruncher (level 14, -23/113 HPs)
             Began as a Human Conjurer on Nov 18, 2016.
             Was the Champion of Okawaru.
             Annihilated by a wolf spider simulacrum (29 damage)
             ... in an ice cave on Nov 19, 2016.
             The game lasted 01:52:40 (28078 turns).

Yakui the Cruncher (Human Conjurer)                Turns: 28078, Time: 01:52:41

Health: -23/113    AC: 20    Str: 19    XL:     14   Next: 66%
Magic:  7/7        EV: 22    Int: 19    God:    Okawaru [******]
Gold:   269        SH:  0    Dex: 22    Spells: 2 memorised, 20 levels left

rFire  . . .     SeeInvis +     Y - +2 lajatang "Qiostruf" {antimagic, Str+2}
rCold  . . .     Gourm    .     T - +3 scale mail "Qojaocad" {Str+3 Dex+6}
rNeg   . . .     Faith    .     (shield currently unavailable)
rPois  .         Spirit   .     A - +2 hat {SInv}
rElec  .         Reflect  .     w - +0 cloak
rCorr  .         Harm     .     I - +0 pair of gloves
MR     ++...                    K - +3 pair of boots "Neuleod" {MR+ Str+2 Dex+2}
Stlth  +.........               (no amulet)
                                i - +4 ring of evasion
                                n - +2 ring of strength

@: no status effects
A: no striking features
a: Heroism, Finesse, Renounce Religion


You were in an ice cave.
You worshipped Okawaru.
Okawaru was exalted by your worship.
You were hungry.

You visited 3 branches of the dungeon, and saw 19 of its levels.
You also visited: Ice Cave.

You collected 1129 gold pieces.
You spent 860 gold pieces at shops.


   Skills:
 + Level 11.2 Fighting
 + Level 13.0 Staves
 + Level 8.3 Armour
 - Level 10.0 Dodging
 - Level 2.0 Stealth
 - Level 6.5 Spellcasting
 - Level 9.5 Conjurations
 - Level 3.1 Translocations
 - Level 4.0 Invocations


You had 20 spell levels left.
You knew the following spells:

 Your Spells              Type           Power        Failure   Level  Hunger
b - Blink                 Tloc           N/A          14%         2    None
x - Iskenderun's Mystic   Conj           #####...     8%          4    ####...

Inventory:

Hand Weapons
 Y - the +2 lajatang "Qiostruf" (weapon) {antimagic, Str+2}

   It reduces the magical energy of the wielder, and disrupts the spells and
   magical abilities of those hit.
   Natural abilities and divine invocations are not affected.
   It affects your strength (+2).
Missiles
 R - 2 throwing nets (quivered) {=f}
Armour
 w - a +0 cloak (worn)
 A - a +2 hat of see invisible (worn)
 I - a +0 pair of gloves (worn)
 K - the +3 pair of boots "Neuleod" (worn) {MR+ Str+2 Dex+2}

   It affects your strength (+2).
   It affects your dexterity (+2).
   It affects your resistance to hostile enchantments.
 L - the +1 robe of Ismij {-Cast rElec Regen+, unknown}

   It insulates you from electricity.
   It prevents spellcasting.
   It increases your rate of regeneration.
 T - the +3 scale mail "Qojaocad" (worn) {Str+3 Dex+6}

   It affects your strength (+3).
   It affects your dexterity (+6).
Jewellery
 i - a +4 ring of evasion (right hand)
 n - a +2 ring of strength (left hand)
 p - an uncursed ring of resist corrosion
 G - an uncursed ring of flight
 S - a +4 ring of intelligence
 U - an uncursed ring of positive energy
Wands
 C - a wand of teleportation (2/9) {!d@v4}
 D - a wand of teleportation (1/9) {!d@v4}
 O - a wand of hasting (2/9) {!d@v3}
Scrolls
 d - 2 scrolls of blinking
 f - 10 scrolls of fear
 g - a scroll of summoning
 h - a scroll of enchant armour
 k - 2 scrolls of immolation {!r}
 m - 3 scrolls of amnesia
 x - a scroll of recharging
 y - 7 scrolls of remove curse
 z - 3 scrolls of teleportation {@r4}
 F - a scroll of fog
 N - 2 scrolls of enchant weapon
 P - a scroll of magic mapping
 Q - 9 scrolls of identify {@r1}
Potions
 e - 3 potions of curing {@q1}
 j - a potion of lignification {!q}
 l - 2 potions of haste {@q3}
 q - a potion of resistance
 r - 3 potions of brilliance
 s - a potion of flight
 t - 2 potions of mutation {!q}
 J - a potion of invisibility
Books
 a - a book of Power

   Spells                             Type                      Level
   a - Fulminant Prism                Conjuration/Hexes            4
   b - Iskenderun's Mystic Blast      Conjuration                  4
   c - Venom Bolt                     Conjuration/Poison           5
   d - Bolt of Magma                  Conjuration/Fire/Earth       5
   e - Iron Shot                      Conjuration/Earth            6
   f - Orb of Destruction             Conjuration                  7
   g - Spellforged Servitor           Conjuration/Summoning        7
 b - a book of Conjurations

   Spells                             Type                      Level
   a - Magic Dart                     Conjuration                  1
   b - Searing Ray                    Conjuration                  2
   c - Dazzling Spray                 Conjuration/Hexes            3
   d - Fulminant Prism                Conjuration/Hexes            4
   e - Iskenderun's Mystic Blast      Conjuration                  4
   f - Iskenderun's Battlesphere      Conjuration/Charms           5
 B - a book of Minor Magic

   Spells                             Type                      Level
   a - Magic Dart                     Conjuration                  1
   b - Blink                          Translocation                2
   c - Call Imp                       Summoning                    2
   d - Repel Missiles                 Charms/Air                   2
   e - Slow                           Hexes                        2
   f - Conjure Flame                  Conjuration/Fire             3
   g - Mephitic Cloud                 Conjuration/Poison/Air       3
 W - a book of the Sky

   Spells                             Type                      Level
   a - Summon Lightning Spire         Summoning/Air                4
   b - Airstrike                      Air                          4
   c - Silence                        Hexes/Air                    5
   d - Deflect Missiles               Charms/Air                   6
   e - Conjure Ball Lightning         Conjuration/Air              6
   f - Tornado                        Air                          9
 Z - a book of Cantrips

   Spells                             Type                      Level
   a - Confusing Touch                Hexes                        1
   b - Animate Skeleton               Necromancy                   1
   c - Summon Small Mammal            Summoning                    1
   d - Apportation                    Translocation                1
Miscellaneous
 H - a sack of spiders
Comestibles
 c - 13 bread rations
 o - 4 meat rations
 u - 5 beef jerkies
 v - 14 chunks of flesh
 E - 4 fruits
 X - 3 slices of pizza

Dungeon Overview and Level Annotations

Branches:
Dungeon (12/15)            Temple (1/1) D:6            Lair (6/6) D:9
  Swamp (0/4) Lair:4        Snake (0/4) Lair:4        Slime (0/5) Lair:6
    Orc (0/2) D:9

Altars:
Ashenzari
Cheibriados
Dithmenos
Elyvilon
Fedhas
Gozag
Hepliaklqana
Kikubaaqudgha
Makhleb
Nemelex Xobeh
Okawaru
Qazlal
Ru
Sif Muna
Trog
Uskayaw
Vehumet
Xom
Yredelemnul
Zin
The Shining One

Shops:
D:4 (   D:7 %   D:10 *(?[(

Annotations:
D:10 Nergalle
Lair:2 exclusion: downstairs
Lair:4 exclusion: door

▒▒▒▒ ▒▒..▒▒
▒▒▒....▒▒
..▒▒...Z...▒
......Z∩Zp.▒
▒.......Z..▒
▒▒..▒▒....▒▒
▒▒ ▒▒..▒▒
▒▒▒▒


You could see an alligator simulacrum, a polar bear simulacrum and 2 wolf spider
simulacra.


Message History

The rime drake breathes ice at you! The flash freeze misses you!
You cut the rime drake into ribbons!!!!!!
The rime drake is severely wounded!
You open the rime drake like a pillowcase!!!!!!
You annihilate the rime drake!!!
Okawaru roars: ANNIHILATED!
You see here a rime drake corpse!
You butcher the rime drake corpse!
v - 14 chunks of flesh (gained 6)
You see here a rime drake skeleton!
There is a frozen archway here!
The world spins around you as you enter the gateway!
You enter an ice cave!!! 4 simulacra come into view!
Found an ice covered gate leading back out of this place!
There is an ice choked empty arch of ancient stone here!
You are feeling hungry!
You chop the wolf spider simulacrum into pieces!
The wolf spider simulacrum is lightly damaged!
The wolf spider simulacrum hits you!!! * * * don't die
* * * The wolf spider simulacrum freezes you!!!!!! * * * don't die
* * * The wolf spider simulacrum bites you but does no damage!
The wolf spider simulacrum closely misses you!
The wolf spider simulacrum bites you!!! * * * don't die
* * * The wolf spider simulacrum freezes you!!!!!! rip

Action                   |  1- 3 |  4- 6 |  7- 9 | 10-12 | 13-15 || total
-------------------------+-------+-------+-------+-------+-------++-------
Melee: Unarmed           |    74 |       |       |       |       ||    74
       Dagger            |     1 |    79 |    52 |       |       ||   132
       Quarterstaff      |       |       |   162 |   637 |       ||   799
       Lajatang          |       |       |       |    89 |   726 ||   815
 Cast: Magic Dart        |    48 |    61 |    67 |       |       ||   176
       Iskenderun's Myst |       |    10 |    36 |   110 |     2 ||   158
       Blink             |       |       |     1 |       |       ||     1
Invok: Heroism           |       |       |       |       |     3 ||     3
  Use: Scroll            |       |       |    19 |     5 |     3 ||    27
       Potion            |       |       |       |     3 |     2 ||     5
 Stab: Sleeping          |     1 |     3 |     2 |     1 |       ||     7
       Confused          |       |       |     1 |     2 |       ||     3
       Paralysed         |       |       |       |     7 |       ||     7
  Eat: Chunk             |     2 |    10 |    22 |    49 |    23 ||   106
       Fruit             |       |       |     2 |     6 |     7 ||    15
Armor: Robe              |    21 |    20 |    35 |    24 |       ||   100
       Skin              |       |       |       |    54 |    14 ||    68
       Troll leather arm |       |       |       |    48 |       ||    48
       Steam dragon scal |       |       |       |    20 |       ||    20
       Scale mail        |       |       |       |    76 |   208 ||   284
Dodge: Dodged            |    57 |    86 |   157 |   659 |   642 ||  1601

Vault maps used:
D:1:      lightli_arrival_quake
D:2:      makhleb_blood_cavern_becter, tso_altar, uniq_iyjb
D:3:      uniq_natasha
D:4:      serial_shops, nicolae_shop_crystal, uniq_crazy_yiuf_cottage
D:5:      cheibrodos_iron_armory, grunt_temple_overflow_open, first_bread,
          lemuel_flame_loot_1
D:6:      elyvilon_altar_1, serial_glass, glass_columns_a, glass_columns_b,
          glass_columns_a, glass_columns_c, glass_columns_c, glass_columns_a,
          glass_columns_a, glass_columns_c, grunt_qazlal_clouds
D:7:      serial_shops, kennysheep_mini_moat, lemuel_tele_altar
D:9:      minmay_diamond_stairs, erik_lair_island,
          kennysheep_orc_monster_closet_entryway
D:10:     serial_shops, shop, nicolae_shop_crystal, nicolae_shop_stone, shop,
          shop, kennysheep_generic_room_5, uniq_nergalle
Temple:   minmay_crystal_spiral_temple
Lair:1:   kennysheep_snail_temple, grunt_megastairs_4
Lair:2:   minmay_hedge_maze, grunt_forest_stairs_basic, st_stairs_12
Lair:3:   beast_lair_carwin_6, bh_autumn_forest_stairs, grunt_megastairs_5,
          uniq_harold
Lair:4:   swamp_mist_pool, minmay_snake_entry_guardpost_small, pf_torpor_hydra
Lair:6:   minmay_lair_end_enchanted_forest, minmay_slime_entry_jelly_boxes,
          portal_ice_cave_rime, uniq_rupert
IceCv:    ice_cave_small_necro

Notes
Turn   | Place    | Note
-------+----------+-------------------------------------------
     0 | D:1      | Yakui the Human Conjurer began the quest for the Orb.
     0 | D:1      | Reached XP level 1. HP: 13/13 MP: 3/3
   304 | D:1      | Reached XP level 2. HP: 14/20 MP: 1/5
  1091 | D:1      | Reached XP level 3. HP: 25/25 MP: 0/6
  1329 | D:2      | Found a burning altar of Makhleb.
  1337 | D:2      | Reached skill level 1 in Fighting
  1337 | D:2      | Reached skill level 3 in Dodging
  1337 | D:2      | Reached XP level 4. HP: 24/32 MP: 2/7
  1450 | D:2      | Found a glowing golden altar of the Shining One.
  1606 | D:2      | Noticed Ijyb
  1621 | D:2      | Killed Ijyb
  1871 | D:2      | Reached XP level 5. HP: 37/37 MP: 6/8
  2144 | D:3      | Noticed Natasha
  2157 | D:3      | Killed Natasha
  2354 | D:3      | Learned a level 4 spell: Iskenderun's Mystic Blast
  2525 | D:3      | Noticed Natasha
  2527 | D:3      | Killed Natasha
  2527 | D:3      | Reached skill level 2 in Fighting
  2527 | D:3      | Reached skill level 3 in Spellcasting
  2615 | D:3      | Noticed Natasha
  2624 | D:3      | Killed Natasha
  2624 | D:3      | Reached XP level 6. HP: 37/44 MP: 2/10
  2863 | D:2      | Reached skill level 5 in Conjurations
  3971 | D:4      | Found Sooh's Weapon Boutique.
  4033 | D:4      | Reached XP level 7. HP: 51/51 MP: 6/12
  4088 | D:4      | Reached skill level 3 in Fighting
  4088 | D:4      | Reached skill level 4 in Dodging
  4884 | D:4      | Reached skill level 4 in Spellcasting
  4947 | D:4      | Found a runed door.
  5204 | D:4      | Noticed Crazy Yiuf
  5214 | D:4      | Killed Crazy Yiuf
  5422 | D:5      | Entered Level 5 of the Dungeon
  5536 | D:5      | Learned a level 2 spell: Blink
  5590 | D:5      | Found an ancient bone altar of Kikubaaqudgha.
  5594 | D:5      | Found a glowing golden altar of the Shining One.
  5607 | D:5      | Reached XP level 8. HP: 28/59 MP: 14/14
  5930 | D:5      | Reached skill level 6 in Conjurations
  5999 | D:5      | Reached skill level 1 in Staves
  6187 | D:5      | Reached skill level 4 in Fighting
  6187 | D:5      | Reached skill level 5 in Dodging
  6305 | D:5      | Reached skill level 1 in Translocations
  6398 | D:5      | Reached skill level 2 in Staves
  7081 | D:6      | Identified a potion of resistance
  7099 | D:6      | Found a white marble altar of Elyvilon.
  7327 | D:6      | Reached skill level 2 in Translocations
  7381 | D:6      | Reached XP level 9. HP: 56/66 MP: 10/15
  7461 | D:6      | Reached skill level 3 in Staves
  7620 | D:6      | Found a staircase to the Ecumenical Temple.
  7663 | Temple   | Entered the Ecumenical Temple
  7754 | Temple   | Became a worshipper of Warmaster Okawaru
  7884 | D:6      | Found a stormy altar of Qazlal.
  8137 | D:6      | Reached skill level 6 in Dodging
  8545 | D:7      | Reached skill level 3 in Translocations
  8546 | D:7      | Found a burning altar of Makhleb.
  8626 | D:7      | Reached skill level 5 in Fighting
  8626 | D:7      | Reached skill level 7 in Conjurations
  8718 | D:7      | Reached skill level 1 in Invocations
  8770 | D:7      | Reached * piety under Okawaru
  8770 | D:7      | Reached skill level 4 in Staves
  8780 | D:7      | Reached skill level 2 in Invocations
  9151 | D:7      | Found Fuzaun's Food Shoppe.
  9323 | D:7      | Reached skill level 3 in Invocations
  9362 | D:7      | Reached XP level 10. HP: 39/74 MP: 13/16
  9580 | D:7      | Reached skill level 5 in Staves
  9835 | D:8      | Reached ** piety under Okawaru
 10318 | D:8      | Reached skill level 5 in Spellcasting
 10322 | D:8      | Reached skill level 6 in Fighting
 10595 | D:8      | Reached *** piety under Okawaru
 10595 | D:8      | Reached skill level 8 in Conjurations
 10821 | D:8      | Reached skill level 6 in Staves
 11088 | D:9      | Noticed a hill giant
 11151 | D:9      | Reached skill level 7 in Dodging
 11154 | D:9      | Noticed an unseen horror
 11213 | D:9      | Reached XP level 11. HP: 83/83 MP: 19/19
 11221 | D:9      | Killed a hill giant
 11221 | D:9      | Reached **** piety under Okawaru
 11222 | D:9      | Reached skill level 6 in Spellcasting
 11355 | D:9      | Killed an unseen horror
 11355 | D:9      | Reached skill level 7 in Fighting
 11675 | D:9      | Found a staircase to the Orcish Mines.
 11709 | D:9      | Reached ***** piety under Okawaru
 11934 | D:9      | Reached skill level 9 in Conjurations
 12011 | D:9      | Reached skill level 7 in Staves
 12854 | D:9      | Found a staircase to the Lair.
 13265 | D:10     | Entered Level 10 of the Dungeon
 13265 | D:10     | Found Sauffexe's General Store.
 13268 | D:10     | Noticed Nergalle
 13291 | D:10     | Reached skill level 8 in Dodging
 13460 | D:10     | You fall through a shaft!
 13535 | D:11     | Noticed a hill giant
 13549 | D:11     | Killed a hill giant
 13739 | D:12     | Identified a wand of hasting
 13888 | D:12     | Noticed a hill giant
 13909 | D:12     | Killed a hill giant
 14411 | D:11     | Noticed a cyclops
 14564 | D:12     | Received a gift from Okawaru
 14566 | D:12     | Reached skill level 8 in Fighting
 14566 | D:12     | Reached skill level 4 in Invocations
 14569 | D:12     | Reached XP level 12. HP: 74/92 MP: 5/21
 14572 | D:12     | Got a transparent scale mail {god gift}
 14597 | D:12     | Identified the +3 scale mail "Qojaocad" {Str+3 Dex+6} (Okawaru gifted it to you on level 12 of the Dungeon)
 14965 | D:12     | Reached skill level 1 in Armour
 15255 | D:12     | HP: 9/93 [acid (2)]
 15256 | D:12     | Reached skill level 2 in Armour
 15795 | D:10     | Found Tekit's Antique Weapon Boutique.
 15808 | D:10     | Found Qoss's Weapon Shop.
 15821 | D:10     | Noticed a centaur warrior
 16237 | D:11     | Noticed a four-headed hydra
 16346 | D:10     | Found Seopn's Antique Armour Shop.
 16383 | D:10     | Reached skill level 8 in Staves
 16383 | D:10     | Reached skill level 9 in Dodging
 16398 | D:10     | Found Qiotuyfenix's Magic Scroll Emporium.
 16484 | Lair:1   | Entered Level 1 of the Lair of Beasts
 16579 | Lair:1   | Reached skill level 3 in Armour
 17409 | D:9      | Reached skill level 9 in Fighting
 17579 | D:6      | Reached skill level 4 in Armour
 17685 | D:4      | Bought the +2 lajatang "Qiostruf" {antimagic, Str+2} for 860 gold pieces
 18466 | Lair:1   | Reached skill level 9 in Staves
 18467 | Lair:1   | Found a snail-covered altar of Cheibriados.
 18871 | Lair:1   | Reached skill level 5 in Armour
 19193 | Lair:2   | Received a gift from Okawaru
 19193 | Lair:2   | Reached XP level 13. HP: 101/101 MP: 7/22
 19448 | Lair:2   | Reached skill level 10 in Staves
 19979 | Lair:2   | Identified a wand of teleportation
 20365 | Lair:3   | Noticed a six-headed hydra
 20536 | Lair:3   | Reached skill level 11 in Staves
 20599 | Lair:3   | Noticed Harold
 20653 | Lair:3   | Killed Harold
 21549 | Lair:3   | Received a gift from Okawaru
 22799 | Lair:4   | Found a staircase to the Swamp.
 22977 | Lair:4   | Reached skill level 12 in Staves
 23016 | Lair:4   | Found a staircase to the Snake Pit.
 23832 | Lair:2   | Reached skill level 10 in Fighting
 23832 | Lair:2   | Reached skill level 6 in Armour
 24466 | Lair:4   | Noticed a catoblepas
 24482 | Lair:4   | Killed a catoblepas
 24482 | Lair:4   | Received a gift from Okawaru
 24482 | Lair:4   | Reached skill level 10 in Dodging
 24485 | Lair:4   | Got a pair of ancient boots {god gift}
 24496 | Lair:4   | Identified the +3 pair of boots "Neuleod" {MR+ Str+2 Dex+2} (Okawaru gifted it to you on level 4 of the Lair of Beasts)
 24696 | Lair:4   | Reached XP level 14. HP: 60/110 MP: 7/23
 25293 | Lair:4   | Found a runed door.
 26004 | Lair:5   | Reached skill level 7 in Armour
 27426 | Lair:5   | Received a gift from Okawaru
 27426 | Lair:5   | Reached skill level 11 in Fighting
 27431 | Lair:5   | Got a transparent robe {god gift}
 27564 | Lair:4   | fuck hydras
 27795 | Lair:6   | Entered Level 6 of the Lair of Beasts
 27803 | Lair:6   | Reached skill level 8 in Armour
 27812 | Lair:6   | Noticed Rupert
 27894 | Lair:6   | Killed Rupert
 27894 | Lair:6   | Reached ****** piety under Okawaru
 27899 | Lair:6   | Reached skill level 13 in Staves
 28057 | Lair:6   | Found a frozen archway.
 28072 | IceCv    | Entered an ice cave
 28078 | IceCv    | HP: 6/113 [wolf spider simulacrum (9)]
 28078 | IceCv    | Annihilated by a wolf spider simulacrum

Vanquished Creatures
  Rupert (Lair:6)
  Harold (Lair:3)
  A catoblepas (Lair:4)
  5 death yaks
  A fire crab (Lair:5)
  An unseen horror (D:9)
  3 hill giants
  A wolf spider (shapeshifter) (D:9)
  3 ugly things (D:12)
  2 centaur zombies
  10 elephants
  2 black mambas (Lair:5)
  7 spiny frogs
  5 torpor snails (Lair:1)
  4 rime drakes
  9 komodo dragons
  4 trolls
  A two-headed ogre (D:11)
  5 blink frogs
  3 slime creatures (D:12)
  5 dream sheep (Lair:4)
  6 hippogriffs
  2 shadows
  4 basilisks
  33 yaks
  A wyvern (D:10)
  2 hungry ghosts (D:8)
  A steam dragon (D:9)
  4 nagas (Lair:4)
  13 water moccasins
  17 porcupines
  4 ice beasts
  5 phantoms
  3 orc warriors
  A swamp drake (D:8)
  9 ogres
  9 centaurs
  7 wolves
  9 crocodiles
  2 big kobolds
  20 bullfrogs
  7 gnoll sergeants
  4 scorpions
  17 killer bees
  6 electric eels
  3 howler monkeys
  3 crimson imps
  11 hounds
  A quasit (D:9)
  A bullfrog zombie (D:7)
  2 centaur skeletons
  2 jellies
  A hound (shapeshifter) (D:8)
  Crazy Yiuf (D:4)
  2 orc priests
  A gnoll shaman (D:8)
  Ijyb (D:2)
  A bullfrog skeleton (D:4)
  2 iguanas
  12 worker ants
  Natasha (thrice) (D:3)
  6 orc wizards
  A hound zombie (D:8)
  A hound skeleton (D:4)
  21 gnolls
  4 adders
  5 shadow imps
  A worker ant simulacrum (D:9)
  An adder skeleton (D:7)
  A worm (D:3)
  A dart slug (D:3)
  6 leopard geckos
  35 orcs
  10 bats
  5 giant cockroaches
  6 goblins
  5 hobgoblins
  3 jackals (D:9)
  10 kobolds
  7 quokkas
  A ball python (D:4)
  3 frilled lizards
  A giant cockroach zombie (D:6)
  A leopard gecko skeleton (D:4)
  12 rats
454 creatures vanquished.

Vanquished Creatures (others)
  23 fungi
  9 plants
32 creatures vanquished.

Grand Total: 486 creatures vanquished
